 Dungeon Crawl Stone Soup version 0.30.1-1-g62c8e00024 (webtiles) character file.

Game seed: 16138502955141172812

14 monsoonserge the Magician (level 2, 0/20 HPs)
             Began as a Demonspawn Hedge Wizard on July 14, 2023.
             Slain by an orc
             ... wielding a +2 flail of holy wrath
              (9 damage)
             ... on level 2 of the Dungeon.
             The game lasted 00:02:55 (886 turns).

monsoonserge the Magician (Demonspawn Hedge Wizard)  Turns: 886, Time: 00:02:56

Health: 0/20       AC:  3    Str: 10    XL:     2   Next: 27%
Magic:  6/6        EV: 11    Int: 15    God:
Gold:   51         SH:  0    Dex: 12    Spells: 2/7 levels left

rFire   . . .        a - +0 dagger
rCold   . . .        (no shield)
rNeg    . . .        l - +0 leather armour
rPois   .            c - +0 hat
rElec   .            k - scarf {shadows}
rCorr   .            (no gloves)
SInv    .            (no boots)
Will    .....        (no amulet)
Stlth   ++           (no ring)
HPRegen 0.23/turn    (no ring)
MPRegen 0.10/turn

%: no passive effects
@: no status effects
A: demonic magic 1
a: no special abilities


You were on level 2 of the Dungeon.
You visited 1 branch of the dungeon, and saw 2 of its levels.

You collected 51 gold pieces.

Inventory:

Hand Weapons
 a - a +0 dagger (weapon)
Armour
 b - a +0 robe
 c - a +0 hat (worn)
 h - a +0 scale mail
 k - a scarf of shadows (worn)
 l - a +0 leather armour (worn)
 m - a +0 plate armour
 n - a +0 ring mail
Scrolls
 e - 3 scrolls of identify {unknown}
 f - a scroll of immolation {unknown}
 g - a scroll of vulnerability {unknown}
Potions
 d - a potion of magic
 i - a potion of curing {unknown}
 j - a potion of attraction {unknown}


   Skills:
 + Level 0.6 Fighting
 + Level 0.3 Short Blades
 + Level 2.0 Dodging
 + Level 2.2 Stealth
 - Level 3.0 Spellcasting
 + Level 1.0 Conjurations
 + Level 1.0 Summonings
 + Level 0.8 Translocations


You had 2 spell levels left.
You knew the following spells:

 Your Spells              Type           Power      Damage    Failure   Level
a - Magic Dart            Conj           20%        1d4       19%         1
b - Call Imp              Summ           10%        N/A       26%         2
c - Blink                 Tloc           8%         N/A       28%         2

Your spell library contained the following spells:

 Spells                   Type           Power      Damage    Failure   Level
 Slow                     Hex            8%         N/A       26%         1
 Cigotuvi's Dreadful Rot  Necr/Pois/Air  4%         N/A       38%         2
 Mephitic Cloud           Conj/Pois/Air  3%         N/A       56%         3
 Manifold Assault         Tloc           4%         N/A       88%         4
 Storm Form               Tmut/Air       1%         N/A       100%        7


Dungeon Overview and Level Annotations

Branches:
Dungeon (2/15)

Altars:


Innate Abilities, Weirdness & Mutations

Spells you cast may paralyse adjacent enemies.


Message History

The endoplasm hits you but does no damage.
You hit the endoplasm but do no damage.
The endoplasm is heavily wounded.
The endoplasm barely misses you.
You hit the endoplasm but do no damage.
The endoplasm is heavily wounded.
The endoplasm hits you.
You hit the endoplasm but do no damage.
The endoplasm is heavily wounded.
The endoplasm closely misses you.
You hit the endoplasm.
The endoplasm is almost dead.
The endoplasm closely misses you.
You hit the endoplasm.
You kill the endoplasm!
HP restored.
You now have 27 gold pieces (gained 7).
Done exploring.
Done exploring.
There is a stone staircase leading down here.
You climb downwards.
Found 24 gold pieces and a chain mail.
There is a stone staircase leading up here.
You now have 35 gold pieces (gained 8).
There are no items here.
Found a ring mail.
You now have 51 gold pieces (gained 16).
There are no items here.
An orc and a rat come into view.
The orc is wielding a +2 flail of holy wrath.
The orc shouts!
A ball python comes into view.
Found a notched bone ring.
A kobold comes into view. It is wielding a +2 dagger of venom.
The orc attacks as you move away!
The orc hits you with a +2 flail of holy wrath.
You convulse.
The orc attacks as you move away!
The orc hits you with a +2 flail of holy wrath!
You die...

...... ........
........ .......#
######
.=....[######......
.....Sr#...........
..K...o@...........
...................
...................
...................
...................
########...........
#...........
#...........
#..#..<......


You could see an orc, a ball python, a kobold (wandering) and a rat.

Vanquished Creatures
  3 bats (D:1)
  2 endoplasms (D:1)
  A giant cockroach (D:1)
  A goblin (D:1)
  2 jackals (D:1)
  A ball python (D:1)
  A rat (D:1)
11 creatures vanquished.

Notes
Turn   | Place    | Note
-------+----------+-------------------------------------------
     0 | D:1      | monsoonserge the Demonspawn Hedge Wizard began the quest
                  | for the Orb.
     0 | D:1      | Reached XP level 1. HP: 13/13 MP: 4/4
   478 | D:1      | Gained mutation: Spells you cast may paralyse adjacent
                  | enemies. [demonic ancestry]
   478 | D:1      | Reached XP level 2. HP: 19/19 MP: 0/6
   664 | D:1      | Learned a level 2 spell: Call Imp
   667 | D:1      | Learned a level 2 spell: Blink
   886 | D:2      | Slain by an orc

Illustrated notes

Levels and vault maps discovered:
D:1:      minmay_arrival_four_houses, layout_loops_ring
D:2:      layout_basic, hex_tiny, hangedman_decor_slide_cut

Skill      XL: |  1 |
---------------+----+-----
Stealth        | 2 |  2.2
Dodging        | 2 |  2.0
Fighting       | |  0.6
Short Blades   | |  0.3
Spellcasting   | |  3.0
Conjurations   | |  1.0
Summonings     | |  1.0
Translocations | |  0.8

Action                     || total
---------------------------++-------
  Melee: Dagger            ||    33
         Punch             ||     1
   Cast: Magic Dart        ||    12
   Stab: Paralysed         ||     1
 Armour: Robe              ||     4
         Leather armour    ||     7
  Dodge: Dodged            ||    21
